 Dungeon Crawl Stone Soup version 0.25-a0-464-g3004169 (webtiles) character file.

Game seed: 1816646963960727105, levelgen mode: deterministic

39 Firecrotchwizard the Poker (level 3, -2/28 HPs)
             Began as a Merfolk Gladiator on Feb 4, 2020.
             Slain by a black bear (5 damage)
             ... on level 2 of the Dungeon.
             The game lasted 00:01:37 (1030 turns).

Firecrotchwizard the Poker (Merfolk Gladiator)      Turns: 1030, Time: 00:01:38

Health: -2/28      AC:  4    Str: 15    XL:     3   Next: 45%
Magic:  12/12      EV: 14    Int:  7    God:
Gold:   178        SH:  0    Dex: 15    Spells: 2/2 levels left

rFire    . . .     SeeInvis .   a - +0 trident
rCold    . . .     Gourm    .   (no shield)
rNeg     . . .     Faith    .   b - +0 leather armour
rPois    .         Spirit   .   c - +0 helmet
rElec    .         Reflect  .   (no cloak)
rCorr    .         Harm     .   (no gloves)
MR       .....                  (no boots)
Stlth    +.........             (no amulet)
HPRegen  0.09/turn              e - ring of magical power {MP+9}
MPRegen  0.13/turn              (no ring)

@: no status effects
A: change form in water, swift swim, stealthy swim
a: no special abilities


You were on level 2 of the Dungeon.
You were not hungry.

You visited 1 branch of the dungeon, and saw 2 of its levels.

You collected 178 gold pieces.

Inventory:

Hand Weapons
 a - a +0 trident (weapon)
Missiles
 d - a throwing net {=f, !d}
Armour
 b - a +0 leather armour (worn)
 c - a +0 helmet (worn)
Jewellery
 e - a ring of magical power (left hand) {MP+9}
   (You found it on level 1 of the Dungeon)
Scrolls
 i - 2 scrolls of identify {unknown}
 j - 3 scrolls of teleportation {unknown}
 k - a scroll of noise {unknown}
Potions
 g - a potion of degeneration {unknown}
 l - a potion of lignification {unknown}
Comestibles
 f - 4 rations
 h - 3 chunks of flesh {@w0}


   Skills:
 + Level 2.7 Fighting
 * Level 5.5 Polearms
 - Level 2.0 Throwing
 + Level 4.5 Dodging


You had 2 spell levels left.
You didn't know any spells.
Your spell library was empty.

Dungeon Overview and Level Annotations

Branches:
Dungeon (2/15)

Altars:


Message History

You see here a +0 short sword.
You see here 4 stones.
There is a stone staircase leading down here.
You climb downwards.
A bat comes into view.
Found a stone staircase leading down.
There is a stone staircase leading up here.
Search for what [Enter for "arm", or ? for help]?
The bat misses you.
You hit the bat.
You kill the bat!
No target in view!
Some of the chunks of flesh in your inventory have rotted away.
A frilled lizard comes into view.
A frilled lizard is nearby!
Attack whom?
Aim: a frilled lizard (resting)
You reach to attack!
The helpless frilled lizard fails to defend itself.
You puncture the frilled lizard!
You kill the frilled lizard!
No target in view!
You now have 159 gold pieces (gained 17).
f - 4 rations (gained 1)
You now have 172 gold pieces (gained 13).
You open the door.
There is an open door here.
A hobgoblin comes into view.
You barely miss the hobgoblin.
The hobgoblin hits you but does no damage.
You puncture the hobgoblin!
You kill the hobgoblin!
No target in view!
You now have 178 gold pieces (gained 6).
l - a brown potion Some of the chunks of flesh in your inventory have rotted away.
A black bear comes into view.
The black bear growls angrily.
A black bear is nearby!
Okay, then.
A black bear is nearby!
Firing (i - inventory) No suitable missiles.
Aim: a black bear You throw a throwing net {=f, !d}.
The throwing net {=f, !d} barely misses the black bear.
Firing (i - inventory) No suitable missiles.
Aim: a black bear You throw a throwing net {=f, !d}.
The throwing net {=f, !d} hits the black bear.
The black bear is caught in the net!
The black bear struggles against the net.
The black bear struggles against the net.
The black bear struggles against the net.
Attack whom?
Aim: a black bear (entangled in a net)
You reach to attack!
You hit the black bear.
The black bear struggles against the net.
Attack whom?
Aim: a black bear (lightly wounded, entangled in a net)
You reach to attack!
You hit the black bear.
The black bear struggles against the net.
Attack whom?
Aim: a black bear (lightly wounded, entangled in a net)
You reach to attack!
You hit the black bear.
The black bear struggles against the net.
The net rips apart, and the black bear comes free!
Attack whom?
Aim: a black bear (moderately wounded)
You reach to attack!
You hit the black bear. You hit the black bear.
The black bear bites you but does no damage.
The black bear completely misses you. The black bear closely misses you.
You hit the black bear. The black bear closely misses you.
The black bear claws you. x2
You take 3 damage, and have 25/28 hp.
You barely miss the black bear. The black bear completely misses you.
The black bear barely misses you. x2
You hit the black bear but do no damage.
The black bear misses you. The black bear claws you.
The black bear closely misses you.
You take 1 damage, and have 24/28 hp.
You puncture the black bear! The black bear closely misses you.
The black bear claws you. The black bear closely misses you.
You take 2 damage, and have 22/28 hp.
You barely miss the black bear. The black bear bites you!
The black bear barely misses you. The black bear claws you.
You take 10 damage, and have 12/28 hp.
MASSIVE DAMAGE!!
You barely miss the black bear.
The black bear goes berserk!
You barely miss the black bear. The black bear bites you.
* * * LOW HITPOINT WARNING * * *
The black bear claws you.
* * * LOW HITPOINT WARNING * * *
The black bear misses you.
You take 9 damage, and have 3/28 hp.
MASSIVE DAMAGE!!
You barely miss the black bear. The black bear closely misses you.
The black bear claws you.
You die...

#.. .... #..
....### ..
.. .... #(#.
.#.## #..#
#...# #.#
#...# #.#
#...# #h##
#...# #@.#
#...#
##.###...#
###.##....#
#.........#
#.#..#....#
#.##.#....#
#.##.###..#
##'##..##..#
.
#...##.##..#


You could see a black bear (berserk).

Vanquished Creatures
  A gnoll (D:1)
  2 leopard geckos (D:1)
  4 hobgoblins
  3 jackals (D:1)
  4 kobolds (D:1)
  3 bats
  2 frilled lizards
  4 goblins (D:1)
  3 rats (D:1)
26 creatures vanquished.

Vanquished Creatures (others)
  3 toadstools (D:1)
3 creatures vanquished.

Grand Total: 29 creatures vanquished

Notes
Turn   | Place    | Note
-------+----------+-------------------------------------------
     0 | D:1      | Firecrotchwizard the Merfolk Gladiator began the quest for
                  | the Orb.
     0 | D:1      | Reached XP level 1. HP: 16/16 MP: 1/1
   143 | D:1      | Reached XP level 2. HP: 23/23 MP: 2/2
   179 | D:1      | Reached skill level 5 in Polearms
   290 | D:1      | Reached XP level 3. HP: 25/28 MP: 3/3
  1007 | D:2      | Noticed a black bear
  1029 | D:2      | HP: 7/28 [black bear (5)]
  1029 | D:2      | HP: 3/28 [black bear (4)]
  1030 | D:2      | Slain by a black bear

Levels and vault maps discovered:
D:1:      eino_arrival_water_cross, layout_basic, minmay_gold_behind_fungi
D:2:      layout_basic

Skill      XL: |  1  2 |
---------------+-------+-----
Polearms       | 5 |  5.5
Fighting       | |  2.7
Throwing       | |  2.0
Dodging        | |  4.5

Action                   || total
-------------------------++-------
Melee: Trident           ||    95
Throw: Throwing net      ||     2
 Stab: Sleeping          ||     3
Armor: Leather armour    ||    11
Dodge: Dodged            ||    62

Table legend:
 A = Non-vault XP
 B = Vault XP
 C = Vault XP percentage of total XP
 D = Non-vault monster count
 E = Vault monster count
 F = Vault count percentage of total count
                 A         B        C        D         E       F
            +---------+---------+-------+---------+---------+-------
      Total |      56 |       0 |   0.0 |      26 |       0 |   0.0
            +---------+---------+-------+---------+---------+-------
        D:1 |      51 |       0 |   0.0 |      23 |       0 |   0.0
        D:2 |       5 |       0 |   0.0 |       3 |       0 |   0.0
            +---------+---------+-------+---------+---------+-------

Levels and vault maps discovered:
D:1:      eino_arrival_water_cross, layout_basic, minmay_gold_behind_fungi
D:2:      layout_basic

Table legend:
 A = Turns spent in this place as a percentage of turns spent in the entire game.
 B = Non-inter-level travel turns spent in this place as a percentage of non-inter-level travel turns spent in the entire game.
 C = Inter-level travel turns spent in this place as a percentage of turns spent in this place.
 D = Turns resting spent in this place as a percentage of non-inter-level travel turns spent in this place.
 E = Turns spent auto-exploring this place as a percentage of non-inter-level travel turns spent in this place.
 F = Non-inter-level travel turns spent in this place divided by the number of levels of this place that you've seen.
                   A       B       C       D       E      F
               +-------+-------+-------+-------+-------+----------------------
         Total | 100.0 | 100.0 |   1.4 |  13.7 |  67.2 | 508.0
       Dungeon | 100.0 | 100.0 |   1.4 |  13.7 |  67.2 | 508.0
               +-------+-------+-------+-------+-------+----------------------

Table legend:
 A = Kills in this place as a percentage of kills in entire the game.
 B = Kills by you in this place as a percentage of kills by you in the entire game.
 C = Kills by friends in this place as a percentage of kills by friends in the entire game.
 D = Other kills in this place as a percentage of other kills in the entire game.
 E = Experience gained in this place as a percentage of experience gained in the entire game.
 F = Experience gained in this place divided by the number of levels of this place that you have seen.
                   A       B       C       D       E      F
               +-------+-------+-------+-------+-------+----------------------
         Total | 100.0 | 100.0 |   N/A |   N/A | 100.0 |  28.0
       Dungeon | 100.0 | 100.0 |   N/A |   N/A | 100.0 |  28.0
               +-------+-------+-------+-------+-------+----------------------
